 Dungeon Crawl Stone Soup version 0.25.0-1-g7eea58d2a3 (webtiles) character file.

Game seed: 3084367013523120421

21 McIrco the Sneak (level 2, -3/13 HPs)
             Began as a Spriggan Enchanter on June 14, 2020.
             Slain by a hobgoblin
             ... wielding a +0 club
              (4 damage)
             ... on level 1 of the Dungeon.
             The game lasted 00:01:21 (756 turns).

McIrco the Sneak (Spriggan Enchanter)                Turns: 756, Time: 00:01:21

Health: -3/13      AC:  2    Str:  4    XL:     2   Next: 62%
Magic:  4/7        EV: 18    Int: 16    God:
Gold:   0          SH:  0    Dex: 16    Spells: 4/7 levels left

rFire    . . .     SeeInvis +   a - +1 dagger
rCold    . . .     Gourm    .   (shield restricted)
rNeg     . . .     Faith    .   b - +0 robe
rPois    .         Spirit   .   (helmet restricted)
rElec    .         Reflect  .   (no cloak)
rCorr    .         Harm     .   (gloves unavailable)
MR       .....                  (boots unavailable)
Stlth    +++.......             (no amulet)
HPRegen  0.04/turn              (no ring)
MPRegen  0.10/turn              (no ring)

@: very quick
A: very small, unfitting armour, see invisible, herbivore, speed 3, slow
metabolism 2
a: no special abilities


You were on level 1 of the Dungeon.
You were not hungry.

You visited 1 branch of the dungeon, and saw 1 of its levels.

Inventory:

Hand Weapons
 a - a +1 dagger (weapon)
Armour
 b - a +0 robe (worn)
Scrolls
 c - a scroll of identify {unknown}
Comestibles
 d - 2 rations


   Skills:
 + Level 1.1 Short Blades
 * Level 3.1 Dodging
 + Level 4.9 Stealth
 + Level 3.2 Spellcasting
 * Level 4.0 Hexes


You had 4 spell levels left.
You knew the following spells:

 Your Spells              Type           Power        Failure   Level  Hunger
a - Corona                Hex            ###....      3%          1    None
b - Ensorcelled Hibernat  Hex/Ice        #.....       12%         2    ##.....

Your spell library contained the following spells:

 Spells                   Type           Power        Failure   Level  Hunger
 Confusing Touch          Hex            ###.....     11%         3    ###....
 Tukima's Dance           Hex            ###.....     11%         3    ###....
 Dazzling Flash           Conj/Hex       #.....       24%         3    ###....


Dungeon Overview and Level Annotations

Branches:
Dungeon (1/15)

Altars:


Innate Abilities, Weirdness & Mutations

You are very small and have problems with some larger weapons.
You are too small for most types of armour.
You have supernaturally acute eyesight. (SInv)
You are a herbivore.
You cover ground extremely quickly.
You need to consume almost no food.


Message History

You hit the hobgoblin but do no damage.
The hobgoblin is severely wounded.
The hobgoblin misses you.
Unknown command.
Sorry, you're not good enough to have a special ability.
You aren't carrying any potions.
Cast which spell? (? or * to list)
Aiming: Corona (safe; 3% risk of failure)
Press: ? - help, Shift-Dir - straight line, f - frilled lizard
Aim: a frilled lizard (chance to defeat MR: 69%)
The frilled lizard barely resists.
The frilled lizard closely misses you.
Unknown command.
Casting: Corona (safe; 3% risk of failure)
Confirm with . or Enter, or press ? or * to list all spells.
Aiming: Ensorcelled Hibernation (safe; 12% risk of failure)
Press: ? - help, Shift-Dir - straight line, f/p - frilled lizard
Aim: a frilled lizard (chance to defeat MR: 58%)
The frilled lizard resists with significant effort.
The hobgoblin hits you with a +0 club.
You die...

.#...#....#.#.......#
.#...##.....####....#
......##.......######
.####.#####........ # .#
.# ####..... ###### # ..
.# ##############....# #
## ##
####........##.#...#†###
...........# #.##.##.#.#
#..g@†..# #.#.†##....
♣♣♣♣♣l### #...†......
♣...♣#♣#♣...###....
♣.♣.............#..
lP.♣#♣#♣.♣##.######. ♣♣.
#.# #.# #. ♣♣ ♣.♣ .♣♣ #.
#.. ♣ #. ### #.


You could see a hobgoblin and a frilled lizard.

Vanquished Creatures
  An ooze (D:1)
  A giant cockroach (D:1)
  2 goblins (D:1)
  5 hobgoblins (D:1)
  A frilled lizard (D:1)
  2 kobolds (D:1)
  4 rats (D:1)
16 creatures vanquished.

Notes
Turn   | Place    | Note
-------+----------+-------------------------------------------
     0 | D:1      | McIrco the Spriggan Enchanter began the quest for the Orb.
     0 | D:1      | Reached XP level 1. HP: 9/9 MP: 5/5
   541 | D:1      | Reached XP level 2. HP: 9/13 MP: 7/7
   640 | D:1      | Learned a level 2 spell: Ensorcelled Hibernation
   756 | D:1      | Slain by a hobgoblin

Illustrated notes

Levels and vault maps discovered:
D:1:      dpeg_arrival_circle_labyrinth_b, layout_loops_cross, serial_forest,
          infiniplex_forest_join, infiniplex_forest_straight_2,
          infiniplex_forest_end_2, infiniplex_forest_zigzag_1,
          infiniplex_forest_lined_3, infiniplex_forest_lined_3,
          infiniplex_forest_diagonal, infiniplex_forest_lined_corner,
          infiniplex_forest_zigzag_2

Skill      XL: |  1  2 |
---------------+-------+-----
Spellcasting   | 3 |  3.2
Hexes          | 4 |  4.0
Short Blades   | |  1.1
Dodging        | |  3.1
Stealth        | |  4.9

Action                   || total
-------------------------++-------
Melee: Dagger            ||    75
 Cast: Ensorcelled Hiber ||     1
       Corona            ||     1
 Stab: Sleeping          ||     7
Armor: Robe              ||     3
Dodge: Dodged            ||    61
